 Seeded DCSS version 0.30-a0-953-g5f1da4a474 (webtiles) character file.

Game seed: 2795554834527330743 (custom seed)

29 mistaj the Slasher (level 3, 0/28 HPs)
             Began as a Demonspawn Gladiator on Mar 29, 2023.
             Succumbed to an adder's poison
             ... on level 2 of the Dungeon.
             The game lasted 00:01:04 (858 turns).

mistaj the Slasher (Demonspawn Gladiator)            Turns: 858, Time: 00:01:05

Health: 0/28       AC:  4    Str: 16    XL:     3   Next: 1%
Magic:  3/3        EV: 12    Int:  9    God:
Gold:   62         SH:  0    Dex: 14    Spells: 2/2 levels left

rFire   . . .      SeeInvis .    a - +0 long sword
rCold   . . .      Faith    .    (no shield)
rNeg    . . .      Spirit   .    b - +0 leather armour
rPois   .          Reflect  .    c - +0 helmet
rElec   .          Rampage  .    (no cloak)
rCorr   .                        (no gloves)
Will    .....                    (no boots)
Stlth   +                        (no amulet)
HPRegen 0.24/turn                (no ring)
MPRegen 0.08/turn                (no ring)

@: lethally poisoned (0 -> -4)
A: hooves 1, ignite blood 1
a: no special abilities


You were on level 2 of the Dungeon.
You visited 1 branch of the dungeon, and saw 2 of its levels.

You collected 62 gold pieces.

Inventory:

Hand Weapons
 a - a +0 long sword (weapon)
Missiles
 d - 3 throwing nets (quivered)
 e - a javelin
Armour
 b - a +0 leather armour (worn)
 c - a +0 helmet (worn)
Scrolls
 f - a scroll of teleportation {unknown}
 g - 2 scrolls of identify {unknown}
 h - a scroll of immolation {unknown}
 k - a scroll of vulnerability {unknown}
Potions
 i - a potion of berserk rage {unknown}
 j - a potion of heal wounds {unknown}


   Skills:
 + Level 2.8 Fighting
 + Level 3.3 Long Blades
 - Level 1.7 Throwing
 - Level 2.6 Dodging


You had 2 spell levels left.
You didn't know any spells.
Your spell library was empty.

Dungeon Overview and Level Annotations

Branches:
Dungeon (2/15)

Altars:

Shops:
D:1 (   D:2 [(

Annotations:
D:2 1 runed translucent door, Crazy Yiuf


Innate Abilities, Weirdness & Mutations

You have large cloven feet.
Your demonic aura sometimes causes spilled blood to erupt in flames.


Message History

The giant cockroach bites you but does no damage.
The ball python barely misses you. The ball python constricts you.
You hit the ball python.
You kill the ball python!
You feel sick. The giant cockroach barely misses you.
An adder comes into view.
The giant cockroach attacks as you move away!
The giant cockroach closely misses you.
You feel sick. The giant cockroach misses you.
You see here a ball python corpse.
The giant cockroach attacks as you move away!
The giant cockroach bites you but does no damage.
Found a leather armour.
You feel sick.
Found 5 gold pieces.
You feel sick.
You feel sick.
You feel sick.
You are no longer poisoned.
You hit the giant cockroach. Your kick misses the giant cockroach.
The giant cockroach is heavily wounded.
The giant cockroach bites you but does no damage.
The giant cockroach bites you.
* * * LOW HITPOINT WARNING * * *
You closely miss the giant cockroach.
The giant cockroach is heavily wounded.
The giant cockroach bites you.
* * * LOW HITPOINT WARNING * * *
You slash the giant cockroach!
You kill the giant cockroach!
The adder bites you.
* * * LOW HITPOINT WARNING * * *
You are lethally poisoned!
The adder poisons you!
You have reached level 3!
Your experience leads to an increase in your attributes!
Increase (S)trength, (I)ntelligence, or (D)exterity?
You feel stronger. x2; Your demonic ancestry asserts itself...
Your blood heats up.
You hit the adder. You kick the adder.
The adder is moderately wounded.
You die...

.....+∩'.#....# ##
###..#'#.#....# )..
#...........~≈ .##.#
#######....[.##...##
.....##............#
..#
#.......#####.#....#
.#
........###..∩......^.
.
#...........#.#....###
..........#@#...#.##
#...S...†.#S#######
............#
#........#........
.........###......
##.####### ...... ...
#..... #. ...[. ....$


You could see an adder.

Vanquished Creatures
  An adder (D:2)
  A bat (D:1)
  An endoplasm (D:1)
  4 giant cockroaches
  A hobgoblin (D:1)
  2 kobolds (D:1)
  6 ball pythons
  4 rats (D:1)
20 creatures vanquished.

Notes
Turn   | Place    | Note
-------+----------+-------------------------------------------
     0 | D:1      | mistaj the Demonspawn Gladiator began the quest for the
                  | Orb.
     0 | D:1      | Reached XP level 1. HP: 16/16 MP: 1/1
   215 | D:1      | Found Rerru's Weapon Shoppe.
   240 | D:1      | Reached skill level 3 in Long Blades
   240 | D:1      | Gained mutation: You have large cloven feet. [demonic
                  | ancestry]
   240 | D:1      | Reached XP level 2. HP: 23/23 MP: 2/2
   807 | D:2      | Found a runed translucent door.
   808 | D:2      | Noticed Crazy Yiuf
   829 | D:2      | Found Hodghagut's Weapon Shoppe.
   832 | D:2      | Found Cebuxiuv's Antique Armour Shop.
   857 | D:2      | HP: 1/23 [adder (3)]
   858 | D:2      | Gained mutation: Your demonic aura sometimes causes spilled
                  | blood to erupt in flames. [demonic ancestry]
   858 | D:2      | Reached XP level 3. HP: 2/28 MP: 3/3
   858 | D:2      | Succumbed to an adder's poison

Illustrated notes

Levels and vault maps discovered:
D:1:      zelgadis_glass_arrival_large, layout_basic, serial_shops,
          nicolae_shop_bloodbath_and_beyond
D:2:      layout_basic, serial_shops, nicolae_shop_stone, nicolae_shop_crystal,
          nicolae_lakefront_shop, shop, nicolae_shop_behind_doors, basic_altar,
          shapermc_ecumenical_altar_gd, chequers_serial_rivers_micro_d,
          st_stairs_12, serial_park_tiny_1, grunt_decor_cap, serial_park_tiny_1,
          hangedman_decor_growths, reono_crystal_passage, serial_bayou_pond_d,
          uniq_crazy_yiuf_cottage

Skill      XL: |  1 |
---------------+----+-----
Long Blades    | 3 |  3.3
Fighting       | |  2.8
Throwing       | |  1.7
Dodging        | |  2.6

Action                     || total
---------------------------++-------
  Melee: Long sword        ||    50
         Punch             ||     1
         Kick              ||     4
 Armour: Leather armour    ||    21
  Dodge: Dodged            ||    35

Table legend: (Time is in decaauts)
 A = Elapsed time spent in this place.
 B = Non-inter-level travel time spent in this place.
 C = Inter-level travel time spent in this place.
 D = Time resting spent in this place.
 E = Time spent auto-exploring this place.
 F = Levels seen in this place.
 G = Mean time per level.
                   A        B        C        D        E       F      G
               +--------+--------+--------+--------+--------+-----+--------+
         Total |    870 |    831 |     39 |     29 |    640 |   2 |  435.0 |
       Dungeon |    870 |    831 |     39 |     29 |    640 |   2 |  435.0 |
               +--------+--------+--------+--------+--------+-----+--------+

Top non-repeatable levels by time:
     D:1: 795 daAuts
     D:2: 75 daAuts
